 Dungeon Crawl Stone Soup version 0.29-a0-700-g2f1814c (webtiles) character file.

Game seed: 2948488509749756546

250 Dawnplanks the Skirmisher (level 6, -2/65 HPs)
             Began as an Ogre Berserker on June 25, 2022.
             Was a Believer of Trog.
             Slain by a black bear (3 damage)
             ... on level 6 of the Dungeon.
             The game lasted 00:03:31 (2113 turns).

Dawnplanks the Skirmisher (Ogre Berserker)          Turns: 2113, Time: 00:03:31

Health: -2/65      AC:  3    Str: 24    XL:     6   Next: 13%
Magic:  6/6        EV: 10    Int:  8    God:    Trog [**....]
Gold:   145        SH:  0    Dex:  8    Spells: 5/5 levels left

rFire   . . .      SeeInvis .   a - +0 mace
rCold   . . .      Faith    .   (no shield)
rNeg    . . .      Spirit   .   b - +0 animal skin
rPois   +          Reflect  .   (helmet restricted)
rElec   .          Harm     .   (no cloak)
rCorr   .          Rampage  .   (gloves unavailable)
Will    .....                   (boots unavailable)
Stlth   +.........              d - amulet of regeneration
HPRegen 1.00/turn               f - ring of poison resistance
MPRegen 0.10/turn               (no ring)

@: on berserk cooldown, slowed, very slow
A: large, unfitting armour, tough skin 1
a: Renounce Religion, Berserk, Trog's Hand


You were on level 6 of the Dungeon.
You worshipped Trog.
Trog was pleased with you.
You visited 1 branch of the dungeon, and saw 4 of its levels.

You collected 145 gold pieces.

Inventory:

Hand Weapons
 a - a +0 mace (weapon)
Missiles
 c - 52 stones (quivered)
 e - 6 atropa-tipped darts
Armour
 b - a +0 animal skin (worn)
Jewellery
 d - an amulet of regeneration (around neck)
 f - a ring of poison resistance (left hand)
Scrolls
 i - a scroll of immolation
 j - a scroll of amnesia
 m - a scroll of fear
 o - a scroll of enchant armour
 p - a scroll of teleportation
Potions
 g - 3 potions of haste {unknown}
 h - a potion of flight
 l - 2 potions of attraction {unknown}
 n - a potion of cancellation {unknown}


   Skills:
 + Level 4.9 Fighting
 * Level 4.9 Maces & Flails
 + Level 4.0 Dodging


You had 5 spell levels left.
You didn't know any spells.
Your spell library contained the following spells:

 Spells                   Type           Power      Damage    Failure   Level
 Ensorcelled Hibernation  Hex/Ice        0%         N/A       54%         2
 Passwall                 Tmut/Erth      0%         N/A       54%         2
 Swiftness                Air            0%         N/A       78%         3


Dungeon Overview and Level Annotations

Branches:
Dungeon (3/15)

Altars:
Cheibriados


Innate Abilities, Weirdness & Mutations

You are too large for most types of armour.
You have tough skin. (AC +1)


Message History

The gnoll is almost dead.
You closely miss the gnoll.
The gnoll is almost dead.
The black bear bites you. The black bear barely misses you.
The black bear claws you.
The gnoll hits you from afar with a +0 halberd!
The gnoll barely misses you.
You hit the gnoll.
You kill the gnoll!
Trog accepts your kill. The black bear bites you.
* * * LOW HITPOINT WARNING * * *
The black bear barely misses you. The black bear claws you.
* * * LOW HITPOINT WARNING * * *
The gnoll barely misses you.
Your Dodging skill increases to level 4!
You closely miss the black bear. You punch the black bear.
The black bear is severely wounded.
You are no longer berserk.
You are exhausted.
You feel yourself slow down. The black bear misses you.
The black bear closely misses you. x2; The gnoll barely misses you.
You hit the black bear.
The black bear is severely wounded.
The black bear completely misses you.
The black bear claws you but does no damage. x2
The gnoll completely misses you.
The black bear goes berserk!
The gnoll misses you.
You hit the black bear but do no damage.
The black bear is severely wounded.
The black bear bites you!
* * * LOW HITPOINT WARNING * * *
The black bear barely misses you.
The black bear claws you but does no damage.
The gnoll hits you from afar with a +0 halberd.
* * * LOW HITPOINT WARNING * * *
The black bear bites you!
* * * LOW HITPOINT WARNING * * *
The black bear barely misses you. The black bear claws you.
You die...

..#.# ...##
....# #...
#... #.g# #h)#
#.####### #@#
#.......# #.#
#######.####.#
#.....>#
########


You could see a black bear (berserk) and a gnoll.

Vanquished Creatures
  Pargi (D:3)
  Jessica (D:3)
  2 orc wizards (D:3)
  2 adders (D:2)
  2 gnolls (D:6)
  2 dart slugs
  2 orcs (D:3)
  6 ball pythons
  5 bats
  3 endoplasms
  A giant cockroach (D:2)
  3 hobgoblins
  4 jackals
  3 kobolds
  4 quokkas
  A frilled lizard (D:2)
  A goblin (D:3)
  2 rats
45 creatures vanquished.

Notes
Turn   | Place    | Note
-------+----------+-------------------------------------------
     0 | D:1      | Dawnplanks the Ogre Berserker began the quest for the Orb.
     0 | D:1      | Reached XP level 1. HP: 24/24 MP: 1/1
   196 | D:1      | Reached XP level 2. HP: 29/32 MP: 2/2
   728 | D:2      | Reached XP level 3. HP: 17/40 MP: 3/3
  1063 | D:2      | Found a faded altar of an unknown god.
  1438 | D:3      | Reached XP level 4. HP: 26/49 MP: 4/4
  1458 | D:3      | Reached ** piety under Trog
  1459 | D:3      | HP: 2/49 [something (2)]
  1511 | D:3      | Found a snail-covered altar of Cheibriados.
  1528 | D:3      | Noticed Jessica
  1535 | D:3      | Killed Jessica
  1536 | D:3      | Reached XP level 5. HP: 47/55 MP: 5/5
  1969 | D:3      | Noticed Pargi
  1978 | D:3      | Killed Pargi
  1979 | D:3      | Reached XP level 6. HP: 65/65 MP: 6/6
  2078 | D:3      | You fall into a shaft and drop 3 floors!
  2094 | D:6      | Noticed a black bear
  2113 | D:6      | HP: 1/65 [black bear (8)]
  2113 | D:6      | Slain by a black bear

Illustrated notes

Levels and vault maps discovered:
D:1:      minmay_arrival_shattered_statue, layout_loops_ring
D:2:      kennysheep_big_flooded_room, layout_basic,
          chequers_ecumenical_altar_twisty, minmay_split_cup_large
D:3:      layout_loops_corners, kennysheep_slug_shrine, uniq_pargi, uniq_jessica
D:6:      layout_basic, gup_sewer_entry_spiral, uniq_duvessa

Skill      XL: |  1  2  3  4  5  6 |
---------------+-------------------+-----
Maces & Flails | 3 4 |  4.9
Dodging        | 3 4 |  4.0
Fighting       | |  4.9

Action                   |  1- 3 |  4- 6 || total
-------------------------+-------+-------++-------
Melee: Mace              |   104 |    72 ||   176
       Punch             |     2 |     1 ||     3
Invok: Berserk           |       |     2 ||     2
  Use: Scroll            |       |     6 ||     6
Armor: Animal skin       |    69 |    41 ||   110
Dodge: Dodged            |   103 |    68 ||   171

Table legend: (Time is in decaauts)
 A = Elapsed time spent in this place.
 B = Non-inter-level travel time spent in this place.
 C = Inter-level travel time spent in this place.
 D = Time resting spent in this place.
 E = Time spent auto-exploring this place.
 F = Levels seen in this place.
 G = Mean time per level.
                   A        B        C        D        E       F      G
               +--------+--------+--------+--------+--------+-----+--------+
         Total |   2155 |   2118 |     37 |      8 |   1702 |   4 |  538.8 |
       Dungeon |   2155 |   2118 |     37 |      8 |   1702 |   4 |  538.8 |
               +--------+--------+--------+--------+--------+-----+--------+

Top non-repeatable levels by time:
     D:2: 765 daAuts
     D:1: 682 daAuts
     D:3: 674 daAuts
     D:6: 32 daAuts
